 Dungeon Crawl Stone Soup version 0.32-a0-42-ga30500b4d3 (webtiles) character file.

Game seed: 9267065320863425494

21 iamserjio the Firebug (level 2, -12/15 HPs)
             Began as a Tengu Fire Elementalist on Feb 2, 2024.
             Mangled by a gnoll
             ... wielding a +0 halberd
              (15 damage)
             ... on level 3 of the Dungeon.
             The game lasted 00:01:59 (299 turns).

iamserjio the Firebug (Tengu Fire Elementalist)      Turns: 299, Time: 00:01:59

Health: -12/15     AC:  2    Str:  8    XL:     2   Next: 83%
Magic:  0/6        EV: 12    Int: 15    God:
Gold:   81         SH:  0    Dex: 14    Spells: 2/5 levels left

rFire   . . .        (no weapon)
rCold   . . .        (no shield)
rNeg    . . .        a - +0 robe
rPois   .            (helmet restricted)
rElec   .            (no cloak)
rCorr   .            (no gloves)
SInv    .            (boots unavailable)
Will    .....        (no amulet)
Stlth   ++           (no ring)
HPRegen 0.22/turn    (no ring)
MPRegen 0.10/turn

%: acrobat
@: no status effects
A: beak, talons 3, acrobatic
a: no special abilities


You were on level 3 of the Dungeon.
You visited 1 branch of the dungeon, and saw 3 of its levels.

You collected 81 gold pieces.

Inventory:

Armour
 a - a +0 robe (worn)
Scrolls
 c - a scroll of identify {unknown}
 e - a scroll of fog {unknown}
 f - a scroll of poison {unknown}
Potions
 b - a potion of magic
 d - a potion of degeneration {unknown}


   Skills:
 - Level 2.1 Dodging
 - Level 2.0 Stealth
 + Level 2.3 Spellcasting
 + Level 2.1 Conjurations
 * Level 3.9 Fire Magic


You had 2 spell levels left.
You knew the following spells:

 Your Spells              Type           Power      Damage    Failure   Level
a - Foxfire               Conj/Fire      40%        2x1d6     6%          1
b - Scorch                Fire           26%        2d6       7%          2

Your spell library contained the following spells:

 Spells                   Type           Power      Damage    Failure   Level
 Inner Flame              Hex/Fire       7%         N/A       28%         3
 Volatile Blastmotes      Fire/Tloc      14%        2d11      28%         3
 Flame Wave               Conj/Fire      10%        2d6       52%         4
 Ozocubu's Armour         Ice            1%         N/A       54%         3
 Metabolic Englaciation   Hex/Ice        0%         N/A       99%         5
 Sculpt Simulacrum        Ice/Alch       0%         N/A       100%        6


Dungeon Overview and Level Annotations

Branches:
Dungeon (3/15) Zot: 17700

Altars:
Yredelemnul


Innate Abilities, Weirdness & Mutations

You have a beak for a mouth.
You have claws for feet.
You can magically evade attacks while moving or waiting.


Message History

f - a scroll labelled BEVEMAREUPRU
There is a stone staircase leading up here.
A jackal comes into view.
An endoplasm and 2 gnolls come into view.
A gnoll is wielding a +2 flail of protection.
Found a basalt altar of Yredelemnul.
The endoplasm quivers.
There is a stone staircase leading up here.
Casting: Foxfire (safe; 6% risk of failure)
Press: ? - help, Q - select action, (/) - cycle Dir - look around, f - activate You conjure some foxfire!
Casting: Foxfire (safe; 6% risk of failure) Flames lash the gnoll.
The gnoll's fire resistance burns away.
You hear a shout! x4
The foxfire hits the gnoll but does no damage.
The foxfire hits the gnoll.
The gnoll is burned terribly!
Casting: Foxfire (safe; 6% risk of failure)
Press: ? - help, Q - select action, (/) - cycle Dir - look around, f - activate You conjure some foxfire!
The gnoll hits you from afar with a +0 halberd.
Casting: Foxfire (safe; 6% risk of failure)
You don't have enough magic to cast this spell.
The foxfire hits the endoplasm. x2
You kill the endoplasm!
The gnoll misses you.
Casting: Foxfire (safe; 6% risk of failure)
Press: ? - help, Q - select action, (/) - cycle Dir - look around, f - activate You conjure some foxfire!
The gnoll is no longer more vulnerable to fire.
The gnoll hits you from afar with a +0 halberd!
Ouch! That really hurt!
* * * LOW HITPOINT WARNING * * *
The foxfire hits the gnoll. x2; The gnoll attacks as it pursues you!
The gnoll completely misses you.
Casting: Foxfire (safe; 6% risk of failure)
Press: ? - help, Q - select action, (/) - cycle Dir - look around, f - activate You conjure some foxfire!
The gnoll hits you from afar with a +0 halberd!
Ouch! That really hurt!
You die...

#.. #..# ......... #.. .#..
..h...... #..#..#. ....PJP..
#...#..# ....._... #†#.....
...P.P.# #####.<..... .....#
#####.......####
#.#.####......####..#
#....gv@.# # #....#####
..........v....r#...##......
...##...#######...# #......
. ......# #... #.....B
.......# .............
....#.... #.###........
......... ###......
.g..#.... #...... #......


You could see a gnoll (ally target) and a quokka.

Vanquished Creatures
  A dart slug (D:2)
  2 ball pythons
  3 endoplasms
  2 giant cockroaches
  A goblin (D:1)
  2 hobgoblins (D:1)
  2 jackals (D:2)
  A kobold (D:2)
  2 rats
16 creatures vanquished.

Vanquished Creatures (others)
  46 foxfires
46 creatures vanquished.

Grand Total: 62 creatures vanquished

Notes
Turn   | Place    | Note
-------+----------+-------------------------------------------
     0 | D:1      | iamserjio the Tengu Fire Elementalist began the quest for
                  | the Orb.
     0 | D:1      | Reached XP level 1. HP: 10/10 MP: 4/4
    71 | D:1      | Reached XP level 2. HP: 7/15 MP: 0/6
   106 | D:1      | Learned a level 2 spell: Scorch
   288 | D:3      | Found a basalt altar of Yredelemnul.
   299 | D:3      | Mangled by a gnoll

Illustrated notes

Levels and vault maps discovered:
D:1:      dpeg_arrival_simpleton_a, layout_basic, basic_ecumenical_altar
D:2:      layout_basic
D:3:      layout_rooms, yredelemnul_altar_generic, minmay_misc_feat_diagonals

Skill      XL: |  1  2 |
---------------+-------+-----
Conjurations   | 2 |  2.1
Dodging        | |  2.1
Stealth        | |  2.0
Spellcasting   | |  2.3
Fire Magic     | |  3.9

Action                     || total
---------------------------++-------
  Melee: Unarmed           ||    17
         Kick              ||     9
         Peck              ||     3
   Cast: Foxfire           ||    26
         Scorch            ||     1
 Armour: Robe              ||    11
  Dodge: Dodged            ||    18

Table legend: (Time is in decaauts)
 A = Elapsed time spent in this place.
 B = Non-inter-level travel time spent in this place.
 C = Inter-level travel time spent in this place.
 D = Time resting spent in this place.
 E = Time spent auto-exploring this place.
 F = Levels seen in this place.
 G = Mean time per level.
                   A        B        C        D        E       F      G
               +--------+--------+--------+--------+--------+-----+--------+
         Total |    298 |    298 |      0 |      0 |     18 |   3 |   99.3 |
       Dungeon |    298 |    298 |      0 |      0 |     18 |   3 |   99.3 |
               +--------+--------+--------+--------+--------+-----+--------+

Top non-repeatable levels by time:
     D:2: 155 daAuts
     D:1: 108 daAuts
     D:3: 35 daAuts
